 Dungeon Sprint DCSS version 0.17-a0-877-ga10078a (webtiles) character file.

9402 ahoge the Bludgeoner (level 11, -22/77 HPs)
             Began as a Gargoyle Berserker on Apr 30, 2015.
             Was the Champion of Trog.
             Killed by Lee's Rapid Deconstruction
             ... invoked by a deep troll earth mage
              (31 damage)
             ... in the Dungeon (Sprint IX: "|||||||||||||||||||||||||||||").
             The game lasted 00:24:56 (2182 turns).

ahoge the Bludgeoner (Gargoyle Berserker)           Turns: 2182, Time: 00:24:56

Health: -22/77     AC: 32    Str: 20    XL:     11   Next: 45%
Magic:  3/3        EV: 15    Int: 13    God:    Trog [******]
Gold:   1157       SH:  4    Dex:  7    Spells: 0 memorised, 10 levels left

rFire  + + +     SeeInvis .     J - +4 eveningstar (antimagic)
rCold  . . .     Clarity  .     P - +4 ring mail of the Okapi {rElec rF++ Int+4 Dex-5}
rNeg   + + .     SustAb   .     O - +0 buckler "Olel" {rPois rF+} (curse)
rPois  ∞         Gourm    .     o - +1 helmet
rElec  +         Spirit   .     G - +0 cloak
rCorr  .         Warding  .     Q - +2 pair of gloves of the Mind {rElec rN+}
rMut   .         NoTele   +     R - +2 pair of boots {Stlth+}
MR     .....                    b - amulet of regeneration
Stlth  +.........               r - +2 ring of evasion
                                q - +2 ring of protection

@: exhausted, starving, not resistant to hostile enchantments, very unstealthy
A: negative energy resistance 1, electricity resistance, unbreathing,
petrification resistance, rot immunity, AC +7
a: Burn Spellbooks, Berserk, Trog's Hand, Brothers in Arms, Renounce Religion


You were in the Dungeon.
You worshipped Trog.
Trog was exalted by your worship.
You were starving.

You visited 1 branch You collected 1937 gold pieces.
You spent 780 gold pieces at shops.

Inventory:

Hand weapons
 a - a +0 mace
 n - a +2 dire flail of protection
 s - a +1 mace
 y - a +1 antimagic great mace
 I - a +6 antimagic great mace
 J - a +4 antimagic eveningstar (weapon)
 L - a +4 antimagic dire flail
 N - a +2 antimagic great mace
Armour
 o - a +1 helmet (worn)
 G - a +0 cloak (worn)
 O - the cursed +0 buckler "Olel" (worn) {rPois rF+}
   (You bought it in a shop in the Dungeon)

   It protects you from fire.
   It protects you from poison.
   It has a curse placed upon it.
 P - the +4 ring mail of the Okapi (worn) {rElec rF++ Int+4 Dex-5}
   (You bought it in a shop in the Dungeon)

   It affects your intelligence (+4).
   It affects your dexterity (-5).
   It greatly protects you from fire.
   It insulates you from electricity.
 Q - the +2 pair of gloves of the Mind (worn) {rElec rN+}
   (You bought it in a shop in the Dungeon)

   It insulates you from electricity.
   It protects you from negative energy.
 R - a +2 pair of boots of stealth (worn)
Jewellery
 b - an amulet of regeneration (around neck)
 k - an uncursed ring of see invisible
 q - a +2 ring of protection (left hand)
 r - a +2 ring of evasion (right hand)
Magical devices
 m - a wand of draining (7)
 C - a wand of random effects (20)
 H - a wand of enslavement (7)
Scrolls
 i - 7 scrolls of blinking
 l - 3 scrolls of remove curse
 p - 2 scrolls of identify
 z - 2 scrolls of fear
 A - 2 scrolls of fog
 B - 2 scrolls of enchant armour
Potions
 d - 8 potions of curing
 e - 7 potions of heal wounds
 f - a potion of haste
 g - 4 potions of magic
 h - a potion of berserk rage
 w - a potion of cure mutation
 x - a potion of brilliance
Comestibles
 c - 13 bread rations
 j - 40 fruits
 D - 12 meat rations


   Skills:
 + Level 12.8 Fighting
 + Level 18.0 Maces & Flails
 + Level 12.6 Armour
 + Level 10.0 Dodging
 + Level 4.7 Shields


You had 10 spell levels left.
You didn't know any spells.

Dungeon Overview and Level Annotations

Branches:
Dungeon (1/1)

Altars:
Cheibriados
Dithmenos
Elyvilon
Fedhas
Gozag
Kikubaaqudgha
Makhleb
Nemelex Xobeh
Okawaru
Qazlal
Ru
Sif Muna
Trog
Vehumet
Xom
Yredelemnul
Zin
The Shining One
Beogh
Jiyva
Lugonu

Shops:
D %=[[


Innate Abilities, Weirdness & Mutations

You are resistant to torment.
Your stone body is resilient (AC +7).
You are immune to poison.
You resist negative energy.
You are resistant to electric shocks.
You can survive without breathing.
You are immune to petrification.
You are immune to rotting.


Message History

You see here a +0 cloak.
You see here a +2 chain mail of poison resistance.
The ice dragon breathes frost at you. The blast of cold hits you!
You see here a +1 large shield.
The ice dragon breathes frost at you. The blast of cold hits you!
* * * LOW HITPOINT WARNING * * *
You see here a +1 robe of positive energy.
You see here a +0 swamp dragon armour.
You are starving!
You feel yourself speed up. The ice dragon breathes frost at you.
The blast of cold hits you!
* * * LOW HITPOINT WARNING * * *
You see here a +0 triple sword.
You see here a +1 lajatang.
The deep troll earth mage gestures at you while chanting.
You shatter!
You die...

▓▓▓▓▓▓▓▓▓▓▓▓▓▓▓▓▓▓▓▓▓▓▓▓▓▓▓▓▓▓▓▓▓
..D..[D[T[G[D.))@)))))...=='.....
▓▓▓▓▓▓▓▓▓▓▓▓▓▓▓▓▓▓▓▓▓▓▓▓▓▓▓▓▓▓▓▓▓
.................................
▓▓▓▓▓▓▓▓▓▓▓▓▓▓▓▓▓▓▓▓▓▓▓▓▓▓▓▓▓▓▓▓▓
.........))...)....)..))..)))))).
▓▓▓▓▓▓▓▓▓▓▓▓▓▓▓▓▓▓▓▓▓▓▓▓▓▓▓▓▓▓▓▓▓
..........................)))....
▓▓▓▓▓▓▓▓▓▓▓▓▓▓▓▓▓▓▓▓▓▓▓▓▓▓▓▓▓▓▓▓▓
.....÷........÷'......((.....'...


You could see an ice dragon, a great orb of eyes and a deep troll earth mage.

Vanquished Creatures
  A hydra (D)
  Sonja (D)
  2 lindwurms (D)
  An orc knight (D)
  6 orc sorcerers (D)
  Maurice (D)
  2 orange demons (D)
  A two-headed ogre (D)
  2 trolls (D)
  A blink frog (D)
  A yak (D)
  A hippogriff (D)
  A mottled dragon (D)
  An ice beast (D)
  3 water moccasins (D)
  3 porcupines (D)
  10 orc warriors (D)
  An eye of draining (D)
  An ogre (D)
  3 brain worms (D)
  4 crocodiles (D)
  2 giant frogs (D)
  A wight (D)
  2 crimson imps (D)
  3 orc priests (D)
  9 orc wizards (D)
  5 iguanas (D)
  A worker ant (D)
  2 adders (D)
  An ooze (D)
  3 worms (D)
  An adder zombie (D)
  9 orcs (D)
  3 hobgoblins (D)
  A quokka (D)
  A bat (D)
  A giant newt (D)
  3 rats (D)
95 creatures vanquished.

Vanquished Creatures (others)
  An ogre mage (D)
  An orc priest (D)
2 creatures vanquished.

Grand Total: 97 creatures vanquished

Notes
Turn   | Place    | Note
--------------------------------------------------------------
     0 | D        | ahoge, the Gargoyle Berserker, began the quest for the Orb.
     0 | D        | Reached XP level 1. HP: 14/14 MP: 1/1
    14 | D        | Acquired Trog's second power
    14 | D        | Reached skill level 4 in Maces & Flails
    18 | D        | Reached XP level 2. HP: 16/19 MP: 2/2
    24 | D        | Reached skill level 5 in Maces & Flails
    36 | D        | Noticed a crimson imp
    41 | D        | Reached skill level 6 in Maces & Flails
    67 | D        | Killed a crimson imp
    67 | D        | Acquired Trog's third power
    67 | D        | Reached skill level 7 in Maces & Flails
    67 | D        | Reached XP level 3. HP: 13/23 MP: 3/3
    75 | D        | Found a glowing silver altar of Zin.
    75 | D        | Found a glowing golden altar of the Shining One.
    75 | D        | Found an ancient bone altar of Kikubaaqudgha.
    75 | D        | Found a basalt altar of Yredelemnul.
    75 | D        | Found a shimmering altar of Xom.
    75 | D        | Found a radiant altar of Vehumet.
    75 | D        | Found an iron altar of Okawaru.
    76 | D        | Found a burning altar of Makhleb.
    77 | D        | Found a deep blue altar of Sif Muna.
    78 | D        | Found a bloodstained altar of Trog.
    79 | D        | Found a sparkling altar of Nemelex Xobeh.
    80 | D        | Found a white marble altar of Elyvilon.
    81 | D        | Found a roughly hewn altar of Beogh.
    82 | D        | Found a viscous altar of Jiyva.
    83 | D        | Found a corrupted altar of Lugonu.
    84 | D        | Found a blossoming altar of Fedhas.
    85 | D        | Found a snail-covered altar of Cheibriados.
    86 | D        | Found a shadowy altar of Dithmenos.
    87 | D        | Found a stormy altar of Qazlal.
    88 | D        | Found an opulent altar of Gozag.
    89 | D        | Found a sacrificial altar of Ru.
   207 | D        | Noticed a wight
   207 | D        | Noticed an iguana
   207 | D        | Noticed a worker ant
   211 | D        | Killed a worker ant
   211 | D        | Reached skill level 8 in Maces & Flails
   211 | D        | Reached XP level 4. HP: 24/28 MP: 4/4
   214 | D        | Killed an iguana
   214 | D        | Reached skill level 9 in Maces & Flails
   220 | D        | Killed a wight
   220 | D        | Reached skill level 10 in Maces & Flails
   220 | D        | Reached XP level 5. HP: 32/32 MP: 5/5
   233 | D        | Noticed a troll
   233 | D        | Noticed an ice beast
   233 | D        | Noticed an ogre
   233 | D        | Noticed a two-headed ogre
   233 | D        | Noticed an iguana
   233 | D        | Noticed a troll
   241 | D        | Killed a troll
   241 | D        | Reached skill level 13 in Maces & Flails
   241 | D        | Reached XP level 6. HP: 33/37 MP: 6/6
   244 | D        | Killed an iguana
   246 | D        | Killed a two-headed ogre
   246 | D        | Received a gift from Trog
   246 | D        | Reached skill level 14 in Maces & Flails
   246 | D        | Reached XP level 7. HP: 39/41 MP: 7/7
   249 | D        | Killed an ogre
   249 | D        | Reached skill level 15 in Maces & Flails
   252 | D        | Killed an ice beast
   254 | D        | Killed a troll
   254 | D        | Reached skill level 16 in Maces & Flails
   254 | D        | Reached XP level 8. HP: 46/46 MP: 8/8
   385 | D        | Noticed an iguana
   385 | D        | Noticed a crocodile
   385 | D        | Noticed a hippogriff
   385 | D        | Noticed a crocodile
   385 | D        | Noticed an iguana
   385 | D        | Noticed a yak
   385 | D        | Noticed a crocodile
   388 | D        | Noticed a giant frog
   388 | D        | Killed a crocodile
   391 | D        | Killed a yak
   393 | D        | Killed an iguana
   394 | D        | Noticed a water moccasin
   406 | D        | Killed a crocodile
   410 | D        | Killed a hippogriff
   410 | D        | Reached skill level 5 in Fighting
   470 | D        | Killed a crocodile
   470 | D        | Received a gift from Trog
   470 | D        | Reached skill level 5 in Armour
   476 | D        | Killed a giant frog
   478 | D        | Killed an iguana
   483 | D        | Killed a water moccasin
   565 | D        | Noticed a porcupine
   565 | D        | Noticed a water moccasin
   565 | D        | Noticed a porcupine
   565 | D        | Noticed a porcupine
   565 | D        | Noticed a crocodile
   565 | D        | Noticed an iguana
   565 | D        | Noticed a water moccasin
   567 | D        | Noticed a six-headed hydra
   569 | D        | Killed a water moccasin
   569 | D        | Reached XP level 9. HP: 56/56 MP: 9/9
   571 | D        | Killed an iguana
   575 | D        | Killed a crocodile
   578 | D        | Killed a porcupine
   578 | D        | Received a gift from Trog
   581 | D        | Killed a porcupine
   581 | D        | Reached skill level 5 in Dodging
   589 | D        | Noticed a blink frog
   594 | D        | Killed a six-headed hydra
   604 | D        | Killed a water moccasin
   604 | D        | Reached skill level 17 in Maces & Flails
   607 | D        | Killed a porcupine
   612 | D        | Killed a blink frog
   741 | D        | Noticed a lindwurm
   741 | D        | Noticed a brain worm
   741 | D        | Noticed a brain worm
   741 | D        | Noticed a lindwurm
   741 | D        | Noticed a brain worm
   747 | D        | Killed a brain worm
   758 | D        | Killed a lindwurm
   758 | D        | Received a gift from Trog
   758 | D        | Reached XP level 10. HP: 41/67 MP: 10/10
   759 | D        | Killed a brain worm
   762 | D        | Killed a brain worm
   775 | D        | Killed a lindwurm
   775 | D        | Reached skill level 10 in Fighting
   775 | D        | Reached skill level 10 in Armour
  1068 | D        | Noticed Maurice
  1083 | D        | Killed Maurice
  1083 | D        | Received a gift from Trog
  1151 | D        | Noticed an orc priest
  1151 | D        | Noticed an orc wizard
  1151 | D        | Noticed an orc warrior
  1151 | D        | Noticed an orc priest
  1159 | D        | Killed an orc warrior
  1160 | D        | Noticed an orc wizard
  1173 | D        | Killed an orc priest
  1205 | D        | Killed an orc wizard
  1243 | D        | Killed an orc priest
  1246 | D        | Killed an orc wizard
  1246 | D        | Received a gift from Trog
  1290 | D        | Noticed an orc priest
  1295 | D        | Killed an orc priest
  1313 | D        | Noticed an orc priest
  1321 | D        | Killed an orc priest
  1345 | D        | Noticed an orc warrior
  1345 | D        | Noticed an orc warrior
  1345 | D        | Noticed an orc warrior
  1345 | D        | Noticed an orc knight
  1345 | D        | Noticed an orc warrior
  1347 | D        | Noticed an orc warrior
  1353 | D        | Noticed an orc warrior
  1356 | D        | Killed an orc knight
  1359 | D        | Killed an orc warrior
  1359 | D        | Received a gift from Trog
  1362 | D        | Killed an orc warrior
  1368 | D        | Killed an orc warrior
  1385 | D        | Killed an orc warrior
  1389 | D        | Noticed an orc warrior
  1402 | D        | Killed an orc warrior
  1402 | D        | Received a gift from Trog
  1433 | D        | Killed an orc warrior
  1437 | D        | Killed an orc warrior
  1501 | D        | Noticed an orc warrior
  1511 | D        | Killed an orc warrior
  1537 | D        | Found Ihim's Antique Armour Boutique.
  1537 | D        | Noticed an orc sorcerer
  1537 | D        | Noticed an orc wizard
  1537 | D        | Noticed an orc sorcerer
  1537 | D        | Noticed an orc wizard
  1537 | D        | Noticed an orc wizard
  1537 | D        | Noticed an orc wizard
  1540 | D        | Noticed an orc sorcerer
  1541 | D        | Killed an orc wizard
  1541 | D        | Received a gift from Trog
  1544 | D        | Noticed a smoke demon
  1544 | D        | Killed an orc wizard
  1546 | D        | Found Pehoulux's Antique Armour Shop.
  1547 | D        | Noticed an orc wizard
  1557 | D        | Killed an orc sorcerer
  1559 | D        | Killed an orc wizard
  1563 | D        | Killed an orc sorcerer
  1563 | D        | Received a gift from Trog
  1563 | D        | Reached XP level 11. HP: 59/76 MP: 3/11
  1564 | D        | Found Cujogax's Jewellery Boutique.
  1592 | D        | Killed an orc sorcerer
  1604 | D        | Killed an orc wizard
  1615 | D        | Killed an orc wizard
  1624 | D        | Found Icycirr's Food Shop.
  1626 | D        | Noticed an orc sorcerer
  1645 | D        | Noticed an orc sorcerer
  1647 | D        | Paralysed by an orc sorcerer for 2 turns
  1657 | D        | Killed an orc sorcerer
  1657 | D        | Received a gift from Trog
  1660 | D        | Killed an orc sorcerer
  1661 | D        | Noticed an orc wizard
  1663 | D        | Noticed an orc wizard
  1664 | D        | Noticed an orc sorcerer
  1665 | D        | Killed an orc wizard
  1668 | D        | Killed an orc wizard
  1673 | D        | Killed an orc sorcerer
  1673 | D        | Received a gift from Trog
  1741 | D        | Bought a crude buckler for 228 gold pieces
  1741 | D        | Bought a scorched ring mail for 216 gold pieces
  1741 | D        | Bought a pair of bloodstained gloves for 228 gold pieces
  1741 | D        | Bought a pair of glowing boots for 108 gold pieces
  1746 | D        | Identified the cursed +0 buckler "Olel" {rPois rF+} (You bought it in a shop in the Dungeon)
  1756 | D        | Identified the +4 ring mail of the Okapi {rElec rF++ Int+4 Dex-5} (You bought it in a shop in the Dungeon)
  1766 | D        | Identified the +2 pair of gloves of the Mind {rElec rN+} (You bought it in a shop in the Dungeon)
  1847 | D        | Noticed Sonja
  1871 | D        | Killed Sonja
  2131 | D        | Noticed a centaur
  2131 | D        | Noticed an eye of draining
  2131 | D        | Noticed a mottled dragon
  2131 | D        | Noticed an orc warrior
  2131 | D        | Noticed a crimson imp
  2131 | D        | Noticed a giant frog
  2132 | D        | Noticed an ogre mage
  2135 | D        | Killed a giant frog
  2139 | D        | Noticed an ice dragon
  2145 | D        | Noticed a great orb of eyes
  2146 | D        | Killed an orc warrior
  2146 | D        | Reached skill level 10 in Dodging
  2147 | D        | Killed a crimson imp
  2147 | D        | Received a gift from Trog
  2153 | D        | Killed a mottled dragon
  2154 | D        | Noticed a deep troll earth mage
  2157 | D        | Noticed an ice dragon
  2157 | D        | Killed an eye of draining
  2157 | D        | Reached skill level 18 in Maces & Flails
  2165 | D        | Killed an ogre mage
  2182 | D        | Killed from afar by a deep troll earth mage

Action                   |  1- 3 |  4- 6 |  7- 9 | 10-12 || total
-------------------------+-------+-------+-------+-------++-------
Melee: Mace              |    45 |       |       |       ||    45
       Dire flail        |     3 |    20 |    91 |   127 ||   241
       Great mace        |       |       |       |    27 ||    27
       Eveningstar       |       |       |       |    89 ||    89
Invok: Trog's Hand       |     1 |     1 |     3 |     7 ||    12
       Berserk           |       |     1 |     2 |     7 ||    10
  Use: Scroll            |       |       |     1 |       ||     1
       Potion            |       |       |       |     4 ||     4
 Stab: Invisible         |       |       |       |     3 ||     3
  Eat: Chunk             |       |       |     3 |    12 ||    15
